AoeStats
← Boblob801

Arena

506032517Analyzed
2v2 RM · 18d ago on Sep 12, 2026· 44m 7s· 4 players
Game mode
Random Map
Map size
Medium (4 player)
Population
200
Speed
Normal
Resources
Standard
Victory
Conquest
Starting age
Dark Age
Ending age
Imperial Age
RankedLock teamsTeams togetherTeam positionsShared explorationLock speedFull tech treeHidden civsTurbo modeCheats
Victory
Defeat
🇳🇿 Berbers · New Zealand
1193
+15
🇨🇦 Saracens · Canada
1164
+17
🇦🇷 Turks · Argentina
1181
-16
🇦🇷 Persians · Argentina
1180
-16
Lito97
12:56 Feudal Age
16:54 Castle Age
14:43 Double-Bit Axe
14:41 Horse Collar
15:03 Loom
15:29 Stone Mining
31:42 Imperial Age
29:48 Wheelbarrow
31:30 Bow Saw
35:47 Fletching
Almendra
12:35 Feudal Age
13:58 Loom
16:21 Castle Age
14:29 Stone Mining
15:01 Double-Bit Axe
15:13 Gold Mining
15:30 Horse Collar
24:28 Bow Saw
24:46 Fletching
24:43 Town Watch
28:06 Wheelbarrow
27:32 Town Patrol
28:45 Husbandry
28:55 Bloodlines
29:39 Stone Shaft Mining
29:45 Gold Shaft Mining
32:59 Scale Barding Armor
32:51 Bodkin Arrow
33:34 Heavy Plow
37:00 Imperial Age
35:13 Chain Barding Armor
38:26 Plate Barding Armor
38:08 Hand Cart
37:37 Cavalier
40:45 Stone Shaft Mining
39:58 Savar
40:47 Scale Mail Armor
40:57 Forging
43:05 Crop Rotation
43:00 Chain Mail Armor
43:20 Iron Casting
Riper-Kun
6:55 Loom
10:20 Feudal Age
14:41 Castle Age
19:37 Forging
20:45 Double-Bit Axe
20:52 Gold Mining
25:05 Bow Saw
26:42 Redemption
31:58 Horse Collar
36:38 Imperial Age
38:43 Herbal Medicine
41:23 Elite Mameluke
43:39 Iron Casting
43:45 Scale Barding Armor
Boblob801
11:00 Feudal Age
15:21 Castle Age
13:15 Horse Collar
14:33 Double-Bit Axe
18:22 Wheelbarrow
19:20 Gold Mining
19:43 Bow Saw
19:43 Heavy Plow
20:21 Loom
22:00 Fletching
22:11 Padded Archer Armor
24:04 Gold Shaft Mining
24:18 Bodkin Arrow
25:44 Stone Mining
27:51 Hand Cart
27:49 Kasbah
29:10 Bow Saw
30:02 Leather Archer Armor
32:21 Imperial Age
32:27 Capped Ram
33:39 Conscription
33:14 Cavalier
33:55 Husbandry
34:05 Bloodlines
34:04 Scale Barding Armor
34:09 Forging
34:00 Bracer
35:55 Chain Barding Armor
36:10 Iron Casting
35:40 Bracer
37:58 Heavy Camel Rider
38:19 Elite Genitour
39:04 Thumb Ring
38:50 Heavy Camel Rider
Connection lost

Rejoining the realm…

Still unreachable

The connection could not be restored.

Session expired

The server has moved on; the page needs a fresh start.